 Dungeon Crawl Stone Soup version 0.20.0-15-g7f486f2 (webtiles) character file.

228 ANON1729 the Conjurer (level 6, -1/32 HPs)
             Began as a Tengu Conjurer on June 15, 2017.
             Killed by divine providence
             ... invoked by an orc priest
              (12 damage)
             ... on level 4 of the Dungeon.
             The game lasted 00:19:32 (3801 turns).

ANON1729 the Conjurer (Tengu Conjurer)              Turns: 3801, Time: 00:19:32

Health: -1/32      AC:  3    Str:  8    XL:     6   Next: 2%
Magic:  12/12      EV: 12    Int: 20    God:
Gold:   205        SH:  0    Dex: 14    Spells: 9/12 levels left

rFire    . . .     SeeInvis .   l - +1 dagger (elec)
rCold    . . .     Gourm    .   (no shield)
rNeg     . . .     Faith    .   p - +0 leather armour (curse)
rPois    .         Spirit   .   (helmet restricted)
rElec    .         Reflect  .   (no cloak)
rCorr    .         Harm     .   (no gloves)
MR       .....                  (boots unavailable)
Stlth    ++........             (no amulet)
Regen    0.0/turn               (no ring)
MPRegen  0.2/turn               (no ring)

@: no status effects
A: beak, claws 1, talons 3, clever 1, sense surroundings 1, inhibited
regeneration, wild magic 1, MP-powered wands, able to fly 1
a: Fly


You were on level 4 of the Dungeon.
You were not hungry.

You visited 1 branch of the dungeon, and saw 4 of its levels.

You collected 205 gold pieces.

Inventory:

Hand Weapons
 g - a +0 short sword
 l - a +1 dagger of electrocution (weapon)
 v - a +0 mace of protection
Armour
 a - a +0 robe
 p - a cursed +0 leather armour (worn)
 r - a +0 buckler
Jewellery
 i - an uncursed ring of fire
Wands
 k - a wand of random effects (23/48)
Scrolls
 d - 2 scrolls of teleportation {unknown}
 h - a scroll of fog {unknown}
 j - 2 scrolls of recharging {unknown}
 n - a scroll of fear {unknown}
 u - a scroll of amnesia {unknown}
Potions
 e - a potion of haste
 m - a potion of invisibility
 o - 2 potions of curing
 q - 2 potions of berserk rage
 s - a potion of cancellation {unknown}
Books
 b - a book of Conjurations

   Spells                             Type                      Level
   a - Magic Dart                     Conjuration                  1
   b - Searing Ray                    Conjuration                  2
   c - Dazzling Spray                 Conjuration/Hexes            3
   d - Fulminant Prism                Conjuration/Hexes            4
   e - Force Lance                    Conjuration/Translocation    4
   f - Iskenderun's Mystic Blast      Conjuration                  4
Comestibles
 c - 2 bread rations
 f - 5 fruits
 t - 2 meat rations


   Skills:
 - Level 0.2 Fighting
 - Level 0.4 Short Blades
 - Level 2.4 Dodging
 - Level 2.0 Stealth
 + Level 3.6 Spellcasting
 + Level 7.9 Conjurations


You had 9 spell levels left.
You knew the following spells:

 Your Spells              Type           Power        Failure   Level  Hunger
a - Magic Dart            Conj           ####         1%          1    None
b - Searing Ray           Conj           #####.       2%          2    ##.....


Dungeon Overview and Level Annotations

Branches:
Dungeon (4/15)
 Temple: D:4-7

Altars:
Kikubaaqudgha


Innate Abilities, Weirdness & Mutations

You have a beak for a mouth.
You have claws for feet.
You can fly.
You have sharp fingernails.
Your mind is acute. (Int +2)
You passively map a small area around you.
You do not regenerate when monsters are visible.
Your spells are a little harder to cast, but a little more powerful.
You expend magic power (3 MP) to strengthen your wands.


Message History

As you read the scroll of identify, it crumbles to dust.
m - a potion of invisibility You see here a shortbow.
Found a stone staircase leading down.
An orc priest comes into view. It is wielding a hand axe.
You see here a meat ration.
t - 2 meat rations (gained 1) Wield which item (- for none, * to show all)? (? for menu, Esc to quit)
Okay, then.
An orc priest is nearby!
The orc priest shouts!
An orc wizard comes into view. It is wielding a dagger.
A hound comes into view.
The orc priest mumbles some strange prayers to Beogh against you.
Beogh smites you!
The orc priest mumbles some strange prayers to Beogh against you.
Beogh smites you!
The orc priest mumbles some strange prayers to Beogh against you.
Beogh smites you!
You die...

##....#.... ##*
#.......#.. *
###.###.o........
#.....#..........
*#.
#...#########, *
#.###..# *
#..##..#
#..##..##### * ,
###..##@.....## ,
#....##.........
,
###.....########
##...## ###..#
##.## #..######.
##........
##........ *


You could see an orc priest.

Vanquished Creatures
  A sky beast (D:2)
  Robin (D:2)
  4 adders
  A shadow imp (D:1)
  3 worms
  A dart slug (D:1)
  4 leopard geckos
  2 giant cockroaches (D:2)
  13 goblins
  10 hobgoblins
  3 jackals (D:1)
  4 kobolds
  2 quokkas (D:2)
  A ball python (D:1)
  10 bats
  8 frilled lizards
  4 rats
72 creatures vanquished.

Notes
Turn   | Place    | Note
-------+----------+-------------------------------------------
     0 | D:1      | ANON1729 the Tengu Conjurer began the quest for the Orb.
     0 | D:1      | Reached XP level 1. HP: 10/10 MP: 4/4
   322 | D:1      | Reached XP level 2. HP: 6/15 MP: 1/6
   330 | D:1      | Learned a level 2 spell: Searing Ray
   929 | D:1      | Reached skill level 6 in Conjurations
   930 | D:1      | Reached XP level 3. HP: 19/19 MP: 1/7
  1881 | D:2      | Noticed Robin
  2194 | D:1      | Reached XP level 4. HP: 23/24 MP: 6/8
  2578 | D:2      | Killed Robin
  2769 | D:2      | Reached skill level 7 in Conjurations
  2810 | D:2      | Gained mutation: You can fly. [Tengu growth]
  2810 | D:2      | Reached XP level 5. HP: 28/28 MP: 3/10
  2956 | D:2      | Noticed a sky beast
  2963 | D:2      | Killed a sky beast
  2968 | D:2      | Gained mutation: Your spells are a little harder to cast, but a little more powerful. [mutagenic meat]
  2969 | D:2      | Gained mutation: You have sharp fingernails. [mutagenic meat]
  2970 | D:2      | Gained mutation: You passively map a small area around you. [mutagenic meat]
  2971 | D:2      | Gained mutation: You expend magic power (3 MP) to strengthen your wands. [mutagenic meat]
  2972 | D:2      | Gained mutation: Your mind is acute. (Int +2) [mutagenic meat]
  2973 | D:2      | Gained mutation: You do not regenerate when monsters are visible. [mutagenic meat]
  3164 | D:3      | Found an ancient bone altar of Kikubaaqudgha.
  3247 | D:3      | Reached XP level 6. HP: 32/32 MP: 2/12
  3801 | D:4      | Killed from afar by an orc priest

Skill      XL: |  1  2  3  4 |
---------------+-------------+-----
Conjurations   | 6 7 |  7.9
Spellcasting   | 3 |  3.6
Fighting       | |  0.2
Short Blades   | |  0.4
Dodging        | |  2.4
Stealth        | |  2.0

Action                   |  1- 3 |  4- 6 || total
-------------------------+-------+-------++-------
Melee: Unarmed           |     3 |       ||     3
       Kick              |     9 |       ||     9
       Short sword       |    16 |       ||    16
       Peck              |     3 |     1 ||     4
       Dagger            |       |     7 ||     7
 Cast: Magic Dart        |    64 |    41 ||   105
       Searing Ray       |       |    20 ||    20
  Use: Scroll            |       |     4 ||     4
  Eat: Chunk             |     5 |    11 ||    16
Armor: Robe              |    10 |     1 ||    11
       Leather armour    |       |     1 ||     1
Dodge: Dodged            |    49 |    19 ||    68
